 Dungeon Crawl Stone Soup version 0.31-a0-232-gb1c03b2570 (webtiles) character file.

Game seed: 4623781308527940719

11405 qw the Skirmisher (level 11, -7/71 HPs)
             Began as a Gargoyle Hexslinger on July 7, 2023.
             Was a High Priest of Okawaru.
             Mangled by a komodo dragon (11 damage)
             ... on level 1 of the Lair of Beasts.
             The game lasted 00:04:43 (8572 turns).

qw the Skirmisher (Gargoyle Hexslinger)             Turns: 8572, Time: 00:04:43

Health: -7/71      AC: 18    Str: 11      XL:     11   Next: 77%
Magic:  16/16      EV: 20    Int: 17 (18) God:    Okawaru [*****.]
Gold:   225        SH:  0    Dex: 14 (16) Spells: 11/12 levels left

rFire   + . .        Y - +2 orcbow
rCold   . . .        (shield currently unavailable)
rNeg    + . .        g - +0 troll leather armour
rPois   inf          l - +2 helmet {Int+3}
rElec   +            (no cloak)
rCorr   .            (no gloves)
SInv    .            i - +0 pair of boots
Will    .....        f - amulet of faith
Stlth   +++          e - +5 ring of evasion
HPRegen 1.11/turn    c - ring of protection from fire
MPRegen 0.15/turn

%: clarity, faith
@: about to teleport, heroic
A: sickness immunity, AC +8, negative energy resistance 1, electricity
resistance, torment resistance 1, petrification resistance, talons 1, clarity
a: Renounce Religion, Heroism, Finesse, Duel


You were on level 1 of the Lair of Beasts.
You worshipped Okawaru.
Okawaru was extremely pleased with you.
You visited 2 branches of the dungeon, and saw 10 of its levels.

You collected 659 gold pieces.
You spent 434 gold pieces at shops.


Innate Abilities, Weirdness & Mutations

You are immune to sickness and miasma.
Your stone body is resilient. (AC +8)
You are immune to poison.
You resist negative energy. (rN+)
You are resistant to electric shocks. (rElec)
You are resistant to unholy torment.
You are immune to petrification.
You have sharp toenails.
You possess an exceptional clarity of mind.


   Skills:
 - Level 9.0(14.0) Fighting
 - Level 14.0(19.0) Ranged Weapons
 - Level 4.4(9.4) Armour
 + Level 3.3(8.3) Dodging
 - Level 1.0 Spellcasting
 - Level 2.6 Hexes
 + Level 7.4 Invocations


You had 11 spell levels left.
You knew the following spells:

 Your Spells              Type           Power      Damage    Failure   Level
a - Slow                  Hex            36%        N/A       9%          1

Your spell library contained the following spells:

 Spells                   Type           Power      Damage    Failure   Level
 Inner Flame              Hex/Fire       5%         N/A       41%         3
 Portal Projectile        Hex/Tloc       10%        N/A       41%         3
 Cause Fear               Hex            4%         N/A       65%         4

Inventory:

Hand Weapons
 Y - a +2 orcbow (weapon)
Armour
 d - a +3 ring mail of fire resistance
 g - a +0 troll leather armour (worn)
 i - a +0 pair of boots (worn)
 l - a +2 helmet of intelligence (worn)
 v - a +1 helmet
Jewellery
 c - a ring of protection from fire (right hand)
 e - a +5 ring of evasion (left hand)
 f - an amulet of faith (around neck)
 r - an amulet of regeneration
Scrolls
 a - 9 scrolls of identify
 p - 3 scrolls of teleportation
 u - a scroll of fear {unknown}
Potions
 b - a potion of cancellation
 h - a potion of curing
 j - a potion of haste
 k - a potion of mutation
 m - 3 potions of enlightenment
 n - 2 potions of magic
 o - a potion of might
 q - a potion of lignification {unknown}
 s - a potion of resistance
 t - a potion of heal wounds
 w - a potion of attraction {unknown}

Dungeon Overview and Level Annotations

Branches:
Dungeon (9/15)             Temple (0/1) D:5            Lair (1/5) D:9
    Orc: D:9-12

Altars:
Cheibriados
Elyvilon
Fedhas
Gozag
Kikubaaqudgha
Nemelex Xobeh
Okawaru
Sif Muna
Vehumet
Xom

Shops:
D:6 :?=   D:7 !


Message History

The komodo dragon closely misses you.
You shoot an arrow. The arrow hits the elephant!
The elephant is moderately wounded.
The elephant closely misses you. The elephant misses you. x2
The elephant trunk-slaps you but does no damage.
You shoot an arrow. The arrow hits the elephant!
The elephant is heavily wounded.
The komodo dragon bites you! The elephant closely misses you.
The elephant misses you. The elephant barely misses you.
The elephant trunk-slaps you but does no damage.
You shoot an arrow. The arrow hits the elephant.
The elephant is heavily wounded.
The komodo dragon misses you. The elephant tramples you!
You hold your ground!
The elephant closely misses you.
The elephant tramples you but does no damage.
The elephant trunk-slaps you but does no damage.
You shoot an arrow. The arrow hits the elephant.
The elephant is heavily wounded.
The komodo dragon completely misses you.
You shoot an arrow. The arrow hits the elephant!
The elephant is severely wounded.
The elephant tramples you!
You hold your ground!
The elephant closely misses you. The elephant completely misses you.
The elephant misses you.
You shoot an arrow. The arrow hits the elephant!
The elephant is almost dead.
The komodo dragon closely misses you. The elephant tramples you.
You hold your ground!
The elephant completely misses you.
The elephant tramples you but does no damage.
The elephant trunk-slaps you but does no damage.
You shoot an arrow. The arrow hits the elephant.
The elephant is almost dead.
The komodo dragon bites you!
8572 ||| READING 4 scrolls of teleportation.
As you read the scroll of teleportation, it crumbles to dust.
You feel strangely unstable. The elephant completely misses you.
The elephant trunk-slaps you.
The elephant tramples you but does no damage.
The elephant closely misses you. The komodo dragon bites you!
You die...

#....## #### #.....#####
##.##..##.# # #.........#
.. #.........##### ...
##.........'...# ....
.'.........##..#### .....
##.........###..YY#.....Y
##.........# ###@l'......
########### ####......
/.... .... ###


You could see 2 elephants and a komodo dragon.

Vanquished Creatures
  Pikel (D:7)
  A manticore (D:7)
  A cyclops (D:9)
  2 elephants (Lair:1)
  A black mamba (Lair:1)
  3 cane toads
  Maggie (D:7)
  2 trolls (D:9)
  2 hornets (D:9)
  Prince Ribbit (D:7)
  15 yaks
  A wyvern (Lair:1)
  A basilisk (Lair:1)
  2 steam dragons
  4 water moccasins
  An acid dragon (D:8)
  Duvessa (D:5)
  3 black bears
  A sky beast (D:7)
  An ice beast (D:7)
  2 orc warriors
  7 wolves
  An ogre (D:6)
  3 centaurs
  3 kobold brigands
  2 phantoms
  4 bullfrogs
  A gnoll sergeant (D:9)
  3 scorpions
  5 wights (D:8)
  Dowan (D:5)
  A howler monkey (D:9)
  2 electric eels (D:9)
  4 crimson imps
  7 hounds
  4 orc priests
  A jelly (D:4)
  2 sleepcaps
  Ijyb (D:5)
  2 iguanas
  6 orc wizards
  14 gnolls
  5 adders
  A shadow imp (D:8)
  3 white imps
  2 ufetubi
  24 orcs
  3 endoplasms
  A giant cockroach (D:1)
  6 goblins
  2 hobgoblins
  4 quokkas
  5 ball pythons
  3 bats (D:1)
  3 frilled lizards
  21 kobolds
  3 rats
207 creatures vanquished.

Vanquished Creatures (others)
  2 kobolds (D:9)
2 creatures vanquished.

Grand Total: 209 creatures vanquished

Notes
Turn   | Place    | Note
-------+----------+-------------------------------------------
     0 | D:1      | qw the Gargoyle Hexslinger began the quest for the Orb.
     0 | D:1      | Reached XP level 1. HP: 12/12 MP: 2/2
     0 | D:1      | 0 ||| qw: Version: 0.3-a-46-gb1f654a
     0 | D:1      | 0 ||| qw: Game counter: 2802
     0 | D:1      | 0 ||| qw: Melee chars always use a shield: true
     0 | D:1      | 0 ||| qw: God list: Okawaru
     0 | D:1      | 0 ||| qw: Allow faded altars: false
     0 | D:1      | 0 ||| qw: Do Orc after clearing Dungeon:15 true
     0 | D:1      | 0 ||| qw: Do second Lair branch before Depths: true
     0 | D:1      | 0 ||| qw: Lair rune preference: random
     0 | D:1      | 0 ||| qw: Goals: Normal
     0 | D:1      | 0 ||| PLANNING D:1-11
   188 | D:1      | HP: 3/12 [constriction (1)]
   193 | D:1      | Reached XP level 2. HP: 6/16 MP: 3/3
   465 | D:1      | Reached skill level 3 in Ranged Weapons
   765 | D:1      | 765 ||| READING 6 scrolls labelled BYWKUMEOMY.
   766 | D:1      | 766 ||| READING scroll labelled PEYVOHO PAINUT.
   767 | D:1      | 767 ||| READING scroll labelled ASUWIDI GATULY.
   767 | D:1      | Identified a scroll of acquirement
   767 | D:1      | 767 ||| ACQUIRING +3 ring mail of fire resistance
   767 | D:1      | Acquired a +3 ring mail of fire resistance
   769 | D:1      | 769 ||| UPGRADING to +3 ring mail of fire resistance.
   779 | D:1      | 779 ||| DROPPING +0 robe.
   780 | D:1      | 780 ||| DROPPING scroll of poison.
   849 | D:2      | Reached XP level 3. HP: 21/21 MP: 4/4
   894 | D:2      | 894 ||| SWAPPING to +2 antimagic sling.
   895 | D:2      | 895 ||| DROPPING +1 sling.
  1482 | D:2      | 1482 ||| UPGRADING to +0 pair of boots.
  1487 | D:2      | 1487 ||| UPGRADING to +5 ring of evasion.
  1488 | D:2      | 1488 ||| READING scroll labelled OPINTOK PUCE.
  1489 | D:2      | 1489 ||| DRINKING 2 coppery potions.
  1490 | D:2      | 1490 ||| READING 5 scrolls of identify.
  1490 | D:2      | 1490 ||| IDENTIFYING purple potion
  1491 | D:2      | 1491 ||| READING 4 scrolls of identify.
  1491 | D:2      | 1491 ||| IDENTIFYING orange potion
  1492 | D:2      | 1492 ||| DROPPING potion of invisibility.
  1558 | D:3      | Reached skill level 1 in Armour
  1632 | D:3      | Reached XP level 4. HP: 26/26 MP: 1/5
  1824 | D:3      | Found an opulent altar of Gozag.
  1849 | D:3      | Found an iron altar of Okawaru.
  1850 | D:3      | 1850 ||| PLANNING OKAWARU WORSHIP
  1850 | D:3      | 1850 ||| UPGRADING to ring of protection from fire.
  1851 | D:3      | 1851 ||| READING scroll labelled JETOEZ GEYTABU.
  1908 | D:3      | 1908 ||| DRINKING 2 fizzy amethyst potions.
  1909 | D:3      | Became a worshipper of Warmaster Okawaru
  1910 | D:3      | 1910 ||| PLANNING D:1-11
  2074 | D:3      | 2074 ||| SWAPPING to +0 sling.
  2077 | D:3      | 2077 ||| FLEEEEING.
  2078 | D:3      | 2078 ||| FLEEEEING.
  2079 | D:3      | 2079 ||| FLEEEEING.
  2080 | D:3      | 2080 ||| FLEEEEING.
  2081 | D:3      | 2081 ||| FLEEEEING.
  2082 | D:3      | 2082 ||| FLEEEEING.
  2083 | D:3      | 2083 ||| FLEEEEING.
  2084 | D:3      | 2084 ||| FLEEEEING.
  2086 | D:3      | 2086 ||| FLEEEEING.
  2087 | D:3      | 2087 ||| FLEEEEING.
  2088 | D:3      | 2088 ||| FLEEEEING.
  2089 | D:3      | 2089 ||| FLEEEEING.
  2090 | D:3      | 2090 ||| FLEEEEING.
  2091 | D:3      | 2091 ||| FLEEEEING.
  2092 | D:3      | 2092 ||| FLEEEEING.
  2093 | D:3      | 2093 ||| FLEEEEING.
  2094 | D:3      | 2094 ||| FLEEEEING.
  2095 | D:3      | 2095 ||| FLEEEEING.
  2096 | D:3      | 2096 ||| FLEEEEING.
  2097 | D:3      | 2097 ||| FLEEEEING.
  2098 | D:3      | 2098 ||| FLEEEEING.
  2099 | D:3      | 2099 ||| FLEEEEING.
  2100 | D:3      | 2100 ||| FLEEEEING.
  2101 | D:3      | 2101 ||| FLEEEEING.
  2102 | D:3      | 2102 ||| FLEEEEING.
  2103 | D:3      | 2103 ||| FLEEEEING.
  2104 | D:3      | 2104 ||| FLEEEEING.
  2105 | D:3      | 2105 ||| STAIRDANCE
  2119 | D:2      | 2119 ||| READING scroll labelled HOITYU GEALOJ.
  2123 | D:3      | 2123 ||| STAIRDANCE
  2232 | D:4      | 2232 ||| STAIRDANCE
  2243 | D:3      | Reached skill level 4 in Ranged Weapons
  2381 | D:4      | Reached XP level 5. HP: 24/30 MP: 6/6
  2385 | D:4      | 2385 ||| FLEEEEING.
  2386 | D:4      | 2386 ||| FLEEEEING.
  2387 | D:4      | 2387 ||| FLEEEEING.
  2388 | D:4      | 2388 ||| FLEEEEING.
  2389 | D:4      | 2389 ||| FLEEEEING.
  2390 | D:4      | 2390 ||| FLEEEEING.
  2391 | D:4      | 2391 ||| FLEEEEING.
  2392 | D:4      | 2392 ||| FLEEEEING.
  2457 | D:4      | Reached skill level 5 in Ranged Weapons
  2469 | D:4      | Reached skill level 3 in Fighting
  2606 | D:4      | Reached XP level 6. HP: 37/37 MP: 7/7
  2647 | D:4      | Found a white marble altar of Elyvilon.
  2867 | D:4      | 2867 ||| UPGRADING to +1 helmet of intelligence.
  2872 | D:4      | 2872 ||| READING 2 scrolls labelled VOFADE VISO.
  2873 | D:4      | 2873 ||| READING 6 scrolls of identify.
  2873 | D:4      | 2873 ||| IDENTIFYING metallic clear potion
  2874 | D:4      | 2874 ||| DROPPING scroll of revelation.
  2908 | D:5      | Entered Level 5 of the Dungeon
  2919 | D:5      | 2919 ||| STAIRDANCE
  2937 | D:4      | Reached * piety under Okawaru
  2938 | D:4      | Reached skill level 6 in Ranged Weapons
  3034 | D:5      | 3034 ||| STAIRDANCE
  3045 | D:4      | Reached skill level 1 in Invocations
  3045 | D:4      | 3045 ||| INVOKING Heroism.
  3053 | D:4      | Reached XP level 7. HP: 27/42 MP: 5/8
  3168 | D:5      | Noticed Duvessa
  3168 | D:5      | Noticed Dowan
  3169 | D:5      | 3169 ||| Stepping ~*~*~tactically~*~*~ (outnumbered).
  3171 | D:5      | 3171 ||| INVOKING Heroism.
  3186 | D:5      | 3186 ||| INVOKING Heroism.
  3194 | D:5      | Killed Duvessa
  3204 | D:5      | 3204 ||| INVOKING Heroism.
  3205 | D:5      | Killed Dowan
  3360 | D:5      | Reached skill level 3 in Invocations
  3427 | D:5      | Noticed Ijyb
  3428 | D:5      | 3428 ||| INVOKING Heroism.
  3444 | D:5      | Killed Ijyb
  3450 | D:5      | 3450 ||| INVOKING Heroism.
  3469 | D:5      | Reached XP level 8. HP: 17/48 MP: 10/10
  3476 | D:5      | 3476 ||| INVOKING Heroism.
  3477 | D:5      | HP: 11/48 [ufetubus (4)]
  3478 | D:5      | 3478 ||| DRINKING 4 potions of curing.
  3478 | D:5      | 3478 ||| (to cure confusion)
  3480 | D:5      | 3480 ||| READING scroll of teleportation.
  3481 | D:5      | 3481 ||| DRINKING 2 potions of heal wounds.
  3549 | D:5      | Found a staircase to the Ecumenical Temple.
  3681 | D:5      | Reached skill level 7 in Ranged Weapons
  3716 | D:5      | 3716 ||| DRINKING 3 potions of curing.
  3716 | D:5      | 3716 ||| (to cure confusion)
  3729 | D:5      | 3729 ||| DRINKING 2 potions of curing.
  3729 | D:5      | 3729 ||| (to cure confusion)
  3759 | D:5      | 3759 ||| SWAPPING to +0 orcbow.
  3760 | D:5      | 3760 ||| DROPPING +2 antimagic sling.
  3761 | D:5      | 3761 ||| DROPPING +1 sling.
  3770 | D:5      | Found a shimmering altar of Xom.
  3910 | D:5      | 3910 ||| DRINKING 2 sapphire potions.
  3910 | D:5      | Gained mutation: You have sharp toenails. [potion of
                  | mutation]
  3910 | D:5      | Gained mutation: You possess an exceptional clarity of
                  | mind. [potion of mutation]
  3911 | D:5      | 3911 ||| READING 5 scrolls of identify.
  3911 | D:5      | 3911 ||| IDENTIFYING viscous sapphire potion
  3912 | D:5      | 3912 ||| READING 4 scrolls of identify.
  3912 | D:5      | 3912 ||| IDENTIFYING inky potion
  3913 | D:5      | 3913 ||| DROPPING potion of brilliance.
  3932 | D:6      | Found Amaex's Book Shop.
  3932 | D:6      | Found Cituc's Magic Scroll Shop.
  3932 | D:6      | Found Wadwiri's Jewellery Shop.
  3955 | D:6      | 3955 ||| BUYING scroll of enchant armour (90 gold).
  3955 | D:6      | Bought a scroll of enchant armour for 90 gold pieces
  3955 | D:6      | 3955 ||| BUYING scroll of enchant weapon (90 gold).
  3955 | D:6      | Bought a scroll of enchant weapon for 90 gold pieces
  3955 | D:6      | 3955 ||| BUYING scroll of teleportation (36 gold).
  3955 | D:6      | Bought a scroll of teleportation for 36 gold pieces
  3955 | D:6      | 3955 ||| BUYING scroll of teleportation (36 gold).
  3955 | D:6      | Bought a scroll of teleportation for 36 gold pieces
  3955 | D:6      | 3955 ||| READING scroll of enchant armour.
  3955 | D:6      | 3955 ||| ENCHANTING +1 helmet of intelligence.
  3956 | D:6      | 3956 ||| READING scroll of enchant weapon.
  3956 | D:6      | 3956 ||| ENCHANTING +0 orcbow.
  4040 | D:6      | Found a sparkling altar of Nemelex Xobeh.
  4046 | D:6      | 4046 ||| READING scroll of enchant weapon.
  4046 | D:6      | 4046 ||| ENCHANTING +1 orcbow.
  4081 | D:6      | Reached skill level 8 in Ranged Weapons
  4178 | D:6      | Found a snail-covered altar of Cheibriados.
  4354 | D:6      | 4354 ||| INVOKING Heroism.
  4499 | D:6      | 4499 ||| INVOKING Heroism.
  4619 | D:7      | 4619 ||| INVOKING Heroism.
  4629 | D:7      | Noticed Maggie
  4636 | D:7      | HP: 5/49 [orc warrior/+0 morningstar (10)]
  4636 | D:7      | HP: 2/49 [orc/+0 club (3)]
  4637 | D:7      | 4637 ||| READING 3 scrolls of teleportation.
  4638 | D:7      | 4638 ||| DRINKING 2 potions of heal wounds.
  4730 | D:7      | Found a radiant altar of Vehumet.
  4736 | D:7      | 4736 ||| INVOKING Heroism.
  4745 | D:7      | Killed Maggie
  4746 | D:7      | Reached skill level 9 in Ranged Weapons
  4746 | D:7      | Reached XP level 9. HP: 38/54 MP: 10/12
  4935 | D:7      | 4935 ||| READING scroll labelled HITWER SORU.
  4945 | D:6      | 4945 ||| SHOPLISTING +4 ring of slaying (1092 gold, have
                  | 177).
  4945 | D:6      | 4945 ||| SHOPLISTING ring "Cerch" {Str+3 Int+5 Dex+6} (837
                  | gold, have 177).
  4945 | D:6      | 4945 ||| SHOPLISTING ring of ice (350 gold, have 177).
  4945 | D:6      | 4945 ||| SHOPLISTING ring of protection from fire (350
                  | gold, have 177).
  4954 | D:7      | 4954 ||| INVOKING Heroism.
  4962 | D:7      | Noticed a manticore
  4972 | D:7      | Killed a manticore
  4972 | D:7      | Reached ** piety under Okawaru
  4973 | D:7      | Reached skill level 6 in Fighting
  5093 | D:7      | Found an ancient bone altar of Kikubaaqudgha.
  5101 | D:7      | Noticed Pikel
  5102 | D:7      | 5102 ||| INVOKING Heroism.
  5117 | D:7      | Killed Pikel
  5118 | D:7      | Reached skill level 10 in Ranged Weapons
  5131 | D:7      | Reached *** piety under Okawaru
  5271 | D:7      | Found Fuppeute's Distillery.
  5277 | D:7      | 5277 ||| BUYING potion of haste (130 gold).
  5277 | D:7      | Bought a potion of haste for 130 gold pieces
  5277 | D:7      | 5277 ||| BUYING potion of might (52 gold).
  5277 | D:7      | Bought a potion of might for 52 gold pieces
  5298 | D:7      | 5298 ||| INVOKING Heroism.
  5304 | D:7      | Reached skill level 3 in Armour
  5360 | D:7      | Identified the +11 hand axe of Indomitability {heavy, rF+
                  | rC+}
  5473 | D:7      | Found the +0 toga "Victory" {*Victory Clar}
  5778 | D:7      | Noticed Prince Ribbit
  5779 | D:7      | 5779 ||| INVOKING Heroism.
  5787 | D:7      | Killed Prince Ribbit
  5788 | D:7      | Reached skill level 11 in Ranged Weapons
  5788 | D:7      | Reached XP level 10. HP: 63/63 MP: 10/13
  6087 | D:7      | 6087 ||| DROPPING amulet of magic regeneration.
  6088 | D:7      | 6088 ||| READING scroll labelled CEOSTE HEMET.
  6117 | D:8      | 6117 ||| PLANNING OSSUARY
  6324 | D:8      | 6324 ||| Stepping ~*~*~tactically~*~*~ (outnumbered).
  6328 | D:8      | 6328 ||| INVOKING Heroism.
  6342 | D:8      | Reached skill level 3 in Dodging
  6376 | D:8      | 6376 ||| FLEEEEING.
  6389 | D:8      | 6389 ||| INVOKING Heroism.
  6492 | D:8      | 6492 ||| INVOKING Heroism.
  6563 | D:8      | 6563 ||| Stepping ~*~*~tactically~*~*~ (outnumbered).
  6596 | D:8      | 6596 ||| INVOKING Heroism.
  6610 | D:8      | Reached skill level 12 in Ranged Weapons
  6612 | D:8      | HP: 12/64 [yak (12)]
  6613 | D:8      | 6613 ||| READING 3 scrolls of teleportation.
  6614 | D:8      | 6614 ||| DRINKING potion of heal wounds.
  6617 | D:8      | Found a shimmering blue altar of Sif Muna.
  6741 | D:8      | 6741 ||| INVOKING Heroism.
  6819 | D:8      | 6819 ||| RIP OSSUARY
  6843 | D:8      | 6843 ||| PLANNING D:1-11
  6843 | D:8      | 6843 ||| DROPPING +1 hat.
  6844 | D:8      | 6844 ||| UPGRADING to amulet of regeneration.
  6849 | D:8      | 6849 ||| DROPPING ring of flight.
  6888 | D:8      | 6888 ||| INVOKING Heroism.
  7063 | D:8      | Found a blossoming altar of Fedhas.
  7242 | D:9      | Reached **** piety under Okawaru
  7315 | D:9      | Noticed a cyclops
  7316 | D:9      | 7316 ||| INVOKING Heroism.
  7319 | D:9      | 7319 ||| Stepping ~*~*~tactically~*~*~ (outnumbered).
  7336 | D:9      | Reached skill level 13 in Ranged Weapons
  7336 | D:9      | 7336 ||| INVOKING Heroism.
  7340 | D:9      | Killed a cyclops
  7341 | D:9      | Reached XP level 11. HP: 69/69 MP: 11/14
  7357 | D:9      | 7357 ||| Stepping ~*~*~tactically~*~*~ (outnumbered).
  7359 | D:9      | 7359 ||| Stepping ~*~*~tactically~*~*~ (outnumbered).
  7370 | D:9      | 7370 ||| INVOKING Heroism.
  7379 | D:9      | Reached skill level 9 in Fighting
  7379 | D:9      | 7379 ||| Stepping ~*~*~tactically~*~*~ (outnumbered).
  7403 | D:9      | 7403 ||| INVOKING Heroism.
  7424 | D:9      | Found a staircase to the Lair.
  7440 | D:9      | Received a gift from Okawaru
  7561 | D:9      | 7561 ||| Stepping ~*~*~tactically~*~*~ (outnumbered).
  7569 | D:9      | 7569 ||| FLEEEEING.
  7570 | D:9      | 7570 ||| FLEEEEING.
  7572 | D:9      | 7572 ||| FLEEEEING.
  7573 | D:9      | 7573 ||| FLEEEEING.
  7582 | D:9      | 7582 ||| FLEEEEING.
  7583 | D:9      | 7583 ||| FLEEEEING.
  7584 | D:9      | 7584 ||| FLEEEEING.
  7867 | D:9      | 7867 ||| INVOKING Heroism.
  7952 | D:9      | 7952 ||| PLANNING LAIR
  7952 | D:9      | 7952 ||| UPGRADING to +0 troll leather armour.
  7962 | D:9      | 7962 ||| UPGRADING to amulet of faith.
  7972 | D:9      | 7972 ||| READING scroll labelled ANYSHA LOSUBY.
  7973 | D:9      | 7973 ||| DRINKING 2 fizzy emerald potions.
  7974 | D:9      | 7974 ||| READING 9 scrolls of identify.
  7974 | D:9      | 7974 ||| IDENTIFYING viscous coppery potion
  7975 | D:9      | 7975 ||| DROPPING potion of degeneration.
  8000 | Lair:1   | Entered Level 1 of the Lair of Beasts
  8001 | Lair:1   | 8001 ||| INVOKING Heroism.
  8039 | Lair:1   | 8039 ||| STAIRDANCE
  8039 | Lair:1   | HP: 16/71 [cane toad (16)]
  8043 | D:9      | Reached skill level 6 in Invocations
  8104 | Lair:1   | 8104 ||| INVOKING Heroism.
  8148 | Lair:1   | 8148 ||| INVOKING Heroism.
  8426 | Lair:1   | 8426 ||| INVOKING Heroism.
  8545 | Lair:1   | 8545 ||| INVOKING Heroism.
  8555 | Lair:1   | Reached skill level 14 in Ranged Weapons
  8563 | Lair:1   | Reached ***** piety under Okawaru
  8571 | Lair:1   | HP: 5/71 [komodo dragon (14)]
  8572 | Lair:1   | 8572 ||| READING 4 scrolls of teleportation.
  8572 | Lair:1   | Mangled by a komodo dragon

Levels and vault maps discovered:
D:1:      shiori_arrival_elements, layout_basic
D:2:      layout_loops_ring, kennysheep_cluttered_room,
          kennysheep_generic_room_2
D:3:      layout_rooms, mainiacjoe_overflow_large_starburst, skrybe_limestone_x,
          grunt_decor_one_mirror, minmay_misc_feat_five, grunt_ministairs_8
D:4:      layout_rooms, elyvilon_altar_3, kennysheep_nondescript
D:5:      layout_cave_pools, led_xom_imps, temple_pool_b, uniq_duvessa,
          uniq_ijyb
D:6:      layout_loops_cross, mainiacjoe_overflow_catwalk, lemuel_doored_altar,
          nicolae_shop_distant_corner_stores, minmay_misc_feat_four_crosses,
          amcnicky_mini_pool_small
D:7:      layout_layer_cave, mainiacjoe_overflow_chevrons,
          nicolae_overflow_hidden_temple, enter_bailey_6, serial_shops, shop,
          corexii_leaking_fountain, uniq_pikel, uniq_prince_ribbit1, uniq_maggie
D:8:      layout_rooms, mainiacjoe_overflow_swirl,
          nicolae_ossuary_entry_monument
D:9:      layout_roguey, erik_lair_island, patterned_corridor
Lair:1:   layout_roguey, st_stairs_13, serial_bayou_pond_a

Skill      XL: |  1  2  3  4  5  6  7  8  9 10 11 |
---------------+----------------------------------+-----
Ranged Weapons | 3 4 5 6 9 11 13 14 | 14.0
Fighting       | 2 3 4 5 7 8 9 |  9.0
Armour         | 1 2 3 4 |  4.4
Invocations    | 1 3 4 7 |  7.4
Dodging        | 2 3 |  3.3
Spellcasting   | |  1.0
Hexes          | |  2.6

Action                     |  1- 3 |  4- 6 |  7- 9 | 10-12 || total
---------------------------+-------+-------+-------+-------++-------
   Fire: Sling             |   139 |   212 |   200 |       ||   551
         Orcbow            |       |       |   196 |   520 ||   716
 Invoke: Heroism           |       |     1 |    14 |    16 ||    31
    Use: Scroll            |     6 |     4 |     8 |     5 ||    23
         Potion            |     1 |     1 |     6 |     2 ||    10
 Armour: Robe              |    18 |       |       |       ||    18
         Ring mail         |    19 |   133 |   252 |   128 ||   532
         Troll leather arm |       |       |       |    50 ||    50
  Dodge: Dodged            |    61 |   234 |   511 |   430 ||  1236

Table legend:
 A = Non-vault XP
 B = Vault XP
 C = Vault XP percentage of total XP
 D = Non-vault monster count
 E = Vault monster count
 F = Vault count percentage of total count
                 A         B        C        D         E       F
            +---------+---------+-------+---------+---------+-------
      Total |   13596 |    2697 |  16.6 |     182 |      25 |  12.1
            +---------+---------+-------+---------+---------+-------
        D:1 |      31 |       0 |   0.0 |      19 |       0 |   0.0
        D:2 |      18 |      17 |  48.6 |       5 |       3 |  37.5
        D:3 |      74 |       5 |   6.3 |       8 |       2 |  20.0
        D:4 |     486 |       0 |   0.0 |      27 |       0 |   0.0
        D:5 |     345 |     393 |  53.3 |      11 |       6 |  35.3
        D:6 |     795 |       0 |   0.0 |      16 |       0 |   0.0
        D:7 |    1394 |    1238 |  47.0 |      14 |       3 |  17.6
        D:8 |    3867 |      50 |   1.3 |      42 |       1 |   2.3
        D:9 |    2981 |     879 |  22.8 |      25 |       9 |  26.5
     Lair:1 |    3605 |     115 |   3.1 |      15 |       1 |   6.2
            +---------+---------+-------+---------+---------+-------
